 Dungeon Crawl Stone Soup version bcrawl-1.37.2 (webtiles) character file.

Game seed: 14046829081905848936

151966 Morbidden the Sneak (level 4, -3/38 HPs)
             Began as a Deep Dwarf Archaeologist on Dec 29, 2022.
             Was a Believer of Elyvilon.
             Slain by a river rat (4 damage)
             ... in a sewer.
             The game lasted 00:04:18 (1819 turns).

Morbidden the Sneak (Deep Dwarf Archaeologist)      Turns: 1819, Time: 00:04:19

Health: -3/38      AC:  8    Str: 16    XL:     4   Next: 66%
Magic:  5/5        EV: 12    Int: 14    God:    Elyvilon [**....]
Gold:   185        SH:  0    Dex: 11    Spells: 4/4 levels left

rFire    . . .     GDR:     24% a - +0 whip
rCold    . . .     SeeInvis .   (no shield)
rNeg     . . .     Gourm    .   k - +0 ring mail
rPois    .         Faith    .   d - +1 hat
rElec    .         Spirit   .   (no cloak)
rCorr    .         Reflect  .   (no gloves)
MR       .....                  l - +1 pair of boots
Stlth    ++........             (no amulet)
HPRegen  0.00/turn              (no ring)
MPRegen  0.09/turn              (no ring)

@: non-regenerating
A: damage resistance, sense surroundings 1, no regeneration
a: Lesser Healing, Heal Other, Divine Protection, Renounce Religion


You were in a sewer.
You worshipped Elyvilon.
Elyvilon was pleased with you.
You were hungry.

You visited 1 branch of the dungeon, and saw 3 of its levels.
You also visited: Sewer.

You collected 185 gold pieces.

Inventory:

Hand Weapons
 a - a +0 whip (weapon)
 b - a +0 blowgun
Missiles
 f - 6 curare-tipped needles
 o - 134 poisoned tomahawks (quivered)
 q - 116 poisoned needles
Armour
 d - a +1 hat (worn)
 k - a +0 ring mail (worn)
 l - a +1 pair of boots (worn)
Scrolls
 g - a scroll of teleportation {unknown}
 i - 4 scrolls of identify
 m - a scroll of fog {unknown}
 n - a scroll of amnesia {unknown}
 p - a scroll of blinking {unknown}
Potions
 c - a potion of cancellation {unknown}
 j - 2 potions of brilliance {unknown}
Miscellaneous
 h - a dusty tome
Comestibles
 e - 3 rations {!d}


   Skills:
 * Level 1.5 Fighting
 * Level 2.3 Maces & Flails
 * Level 1.2 Armour
 * Level 3.7 Dodging
 + Level 4.7 Stealth
 * Level 0.6 Spellcasting
 * Level 1.5 Invocations
 * Level 1.3 Evocations


You had 4 spell levels left.
You didn't know any spells.
Your spell library was empty.

Dungeon Overview and Level Annotations

Branches:
Dungeon (3/12)

Altars:
Cheibriados


Innate Abilities, Weirdness & Mutations

You are resistant to damage.
You passively map a small area around you.
You do not regenerate.


Message History

The river rat bites you but does no damage.
You hit the river rat but do no damage. The river rat barely misses you.
You hit the river rat but do no damage. The river rat bites you.
* * * LOW HITPOINT WARNING * * *
The river rat closely misses you.
You hit the river rat.
The river rat is lightly wounded.
The river rat bites you but does no damage.
The river rat bites you.
You closely miss the river rat.
The river rat is lightly wounded.
The river rat bites you but does no damage.
The river rat completely misses you.
You hit the river rat.
The river rat is moderately wounded.
The river rat twitches its whiskers.
The river rat bites you.
* * * LOW HITPOINT WARNING * * *
The river rat barely misses you. The river rat bites you.
You die...

...≈..≈.≈≈≈≈≈≈ *
≈≈≈≈≈≈≈≈≈≈≈≈≈≈≈≈#≈*≈ ≈≈*
≈≈≈≈≈≈≈≈≈≈≈≈≈≈≈#≈#≈ #
≈≈≈≈≈≈≈≈≈≈≈≈≈≈≈≈#≈* ≈#
≈≈≈≈≈≈≈≈≈≈≈≈≈≈≈#≈ ≈≈#
≈..≈≈≈≈≈≈≈≈≈≈≈≈#######≈≈#
...≈≈.≈≈≈≈≈≈≈≈≈#..#..#≈≈#
.......≈.≈≈....#r....#≈≈#
..............rr@...##≈≈#
...............#†....#≈≈#
...............#..#..#≈≈#
##......###..#########≈≈#
####...## #### ≈≈# #
##### ≈# # * ≈# ≈#


You could see 2 river rats and a rat.

Vanquished Creatures
  A hound skeleton (D:2)
  An adder (Sewer)
  2 river rats (Sewer)
  A worm (D:3)
  3 dart slugs
  4 leopard geckos
  7 bats
  3 giant cockroaches (D:3)
  4 goblins
  7 hobgoblins
  7 jackals (D:1)
  9 kobolds
  3 frilled lizards
  9 rats
61 creatures vanquished.

Notes
Turn   | Place    | Note
-------+----------+-------------------------------------------
     0 | D:1      | Morbidden the Deep Dwarf Archaeologist began the quest for
                  | the Orb.
     0 | D:1      | Reached XP level 1. HP: 18/18 MP: 1/1
   174 | D:1      | Reached XP level 2. HP: 25/25 MP: 2/2
   482 | D:1      | Reached ** piety under Elyvilon
   818 | D:1      | Reached XP level 3. HP: 19/31 MP: 3/3
  1161 | D:2      | Reached skill level 1 in Invocations
  1362 | D:2      | Found a snail-covered altar of Cheibriados.
  1549 | D:3      | Reached XP level 4. HP: 24/38 MP: 5/5
  1594 | D:3      | Found a glowing drain.
  1678 | Sewer    | Entered a sewer
  1790 | Sewer    | Reached skill level 1 in Armour
  1806 | Sewer    | Reached skill level 1 in Evocations
  1819 | Sewer    | HP: 1/38 [river rat (2)]
  1819 | Sewer    | Slain by a river rat

Skill      XL: |  1  2  3  4 |
---------------+-------------+-----
Invocations    | 1 |  1.5
Maces & Flails | 2 |  2.3
Armour         | 1 |  1.2
Evocations     | 1 |  1.3
Fighting       | |  1.5
Dodging        | |  3.7
Stealth        | |  4.7
Spellcasting   | |  0.6

Action                   |  1- 3 |  4- 6 || total
-------------------------+-------+-------++-------
Melee: Whip              |   208 |    90 ||   298
 Fire: Blowgun           |       |     4 ||     4
Throw: Tomahawk          |     1 |     1 ||     2
Invok: Heal Other        |     2 |       ||     2
       Lesser Healing    |     1 |     1 ||     2
  Use: Scroll            |       |     1 ||     1
 Stab: Sleeping          |     3 |       ||     3
       Distracted        |       |     1 ||     1
  Eat: Chunk             |     8 |     3 ||    11
Armor: Ring mail         |   101 |    53 ||   154
       Robe              |     3 |       ||     3
Dodge: Dodged            |   170 |    96 ||   266
